 Dungeon Sprint DCSS version 0.21-a0-238-geb0acef (webtiles) character file.

434 terra52 the Markscentaur (level 6, 0/46 HPs)
             Began as a Centaur Hunter on Sept 2, 2017.
             Was an Initiate of Hepliaklqana.
             Slain by a slime creature (16 damage)
             ... in the Dungeon (Sprint I: "Red Sonja").
             The game lasted 00:04:07 (613 turns).

terra52 the Markscentaur (Centaur Hunter)            Turns: 613, Time: 00:04:08

Health: 0/46       AC:  6    Str: 16    XL:     6   Next: 68%
Magic:  6/6        EV: 10    Int: 10    God:    Hepliaklqana [......]
Gold:   98         SH:  0    Dex: 10    Spells: 5/5 levels left

rFire    . . .     SeeInvis .   j - +0 scythe
rCold    . . .     Gourm    .   (shield currently unavailable)
rNeg     . . .     Faith    .   n - +0 troll leather armour
rPois    .         Spirit   .   (no helmet)
rElec    .         Reflect  .   (no cloak)
rCorr    .         Harm     .   o - +0 pair of gloves
MR       .....     NoTele   +   (no barding)
Stlth    +.........             (no amulet)
HPRegen  0.55/turn              (no ring)
MPRegen  0.10/turn              (no ring)

@: very quick
A: reduced essence, hooves 3, deformed body, speed 2, tough skin 3
a: Recall Ancestor, Ancestor Identity, Renounce Religion


You were in the Dungeon.
You worshipped Hepliaklqana.
Hepliaklqana was noncommittal.
You were not hungry.

You visited 1 branch You collected 312 gold pieces.
You spent 214 gold pieces at shops.

Inventory:

Hand Weapons
 a - a +1 shortbow
 b - a +0 short sword
 j - a +0 scythe (weapon)
Missiles
 m - 13 arrows
Armour
 c - a +0 leather armour
 n - a +0 troll leather armour (worn)
 o - a +0 pair of gloves (worn)
Scrolls
 k - a scroll of blinking
Potions
 e - a potion of curing
 g - a potion of heal wounds
 h - a potion of haste
 i - 2 potions of magic
 l - a potion of invisibility {unknown}
Comestibles
 d - 3 chunks of flesh
 f - 2 bread rations


   Skills:
 * Level 4.1 Fighting
 + Level 0.6 Short Blades
 * Level 0.1 Polearms
 * Level 16.5 Bows
 + Level 2.2 Armour
 + Level 2.5 Dodging
 + Level 0.6 Stealth


You had 5 spell levels left.
You didn't know any spells.

Dungeon Overview and Level Annotations

Branches:
Dungeon (1/1)

Altars:
Cheibriados
Dithmenos
Elyvilon
Fedhas
Gozag
Hepliaklqana
Kikubaaqudgha
Makhleb
Nemelex Xobeh
Okawaru
Qazlal
Ru
Sif Muna
Trog
Uskayaw
Vehumet
Wu Jian
Xom
Yredelemnul
Zin
The Shining One

Shops:
D [


Innate Abilities, Weirdness & Mutations

You have hooves in place of feet.
Armour fits poorly on your strangely shaped body.
You cover ground very quickly.
You have extremely tough skin. (AC +3)
Your life essence is reduced to manifest your ancestor. (-10% HP)


Message History

Eanasir hits the slime creature.
Attack whom?
Press: ? - help, Dir - move target cursor, f - slime creature
Aim: a slime creature (moderately wounded)
You reach to attack!
Your troll leather armour prevents you from hitting the slime creature.
The slime creature is moderately wounded.
Eanasir hits the slime creature!
The slime creature hits you.
* * * LOW HITPOINT WARNING * * *
Eanasir hits the slime creature.
The slime creature jiggles.
Eanasir hits the slime creature.
There is an open door here.
Attack whom?
Press: ? - help, Dir - move target cursor, f/p - slime creature
Aim: a slime creature (heavily wounded)
You reach to attack!
You barely miss the slime creature.
The slime creature is heavily wounded.
The slime creature hits you!
You die...

################
#<.#..'[.#@JR..#
#..)).#..'..#..'..+
#..#####'#####'#__#
#..####..#...#.####
#..#__####..##.#
#..#_____##'#_.+
#⌠⌠#_.∩...'..._#
####_..__##_.#'#
#_____###+#.#


You could see the friendly Eanasir the ancestor and a slime creature.

Vanquished Creatures
  Sigmund (D)
  A yak (D)
  An ogre (D)
  A jelly (D)
  Ijyb (D)
5 creatures vanquished.

Notes
Turn   | Place    | Note
-------+----------+-------------------------------------------
     0 | D        | terra52 the Centaur Hunter began the quest for the Orb.
     0 | D        | Reached XP level 1. HP: 17/17 MP: 1/1
     1 | D        | Noticed Ijyb
    10 | D        | Killed Ijyb
    10 | D        | Reached skill level 8 in Bows
    10 | D        | Reached XP level 2. HP: 20/24 MP: 2/2
    64 | D        | Noticed an ogre
    67 | D        | Killed an ogre
    67 | D        | Reached skill level 12 in Bows
    67 | D        | Reached XP level 3. HP: 30/30 MP: 3/3
    67 | D        | Reached XP level 4. HP: 37/37 MP: 4/4
    97 | D        | Noticed Sigmund
   122 | D        | Killed Sigmund
   122 | D        | Reached skill level 14 in Bows
   122 | D        | Reached skill level 1 in Armour
   122 | D        | Reached XP level 5. HP: 4/45 MP: 5/5
   407 | D        | Found an ornate altar of the Wu Jian Council.
   407 | D        | Found a deep blue altar of Sif Muna.
   413 | D        | Reached skill level 15 in Bows
   413 | D        | Reached XP level 6. HP: 51/51 MP: 6/6
   414 | D        | Found a radiant altar of Vehumet.
   426 | D        | Found Pethy's Armour Emporium.
   426 | D        | Found an ancient bone altar of Kikubaaqudgha.
   426 | D        | Found a hazy altar of Hepliaklqana.
   426 | D        | Found a stormy altar of Qazlal.
   426 | D        | Found a hide-covered altar of Uskayaw.
   426 | D        | Found a blossoming altar of Fedhas.
   426 | D        | Found a bloodstained altar of Trog.
   426 | D        | Found an iron altar of Okawaru.
   426 | D        | Found a basalt altar of Yredelemnul.
   426 | D        | Found a glowing golden altar of the Shining One.
   426 | D        | Found a snail-covered altar of Cheibriados.
   426 | D        | Found a sacrificial altar of Ru.
   426 | D        | Found a glowing silver altar of Zin.
   426 | D        | Found a shadowy altar of Dithmenos.
   426 | D        | Found a white marble altar of Elyvilon.
   426 | D        | Noticed a yak
   453 | D        | Killed a yak
   453 | D        | Reached skill level 16 in Bows
   474 | D        | Found an opulent altar of Gozag.
   476 | D        | Found a sparkling altar of Nemelex Xobeh.
   484 | D        | Became a worshipper of Hepliaklqana the Forgotten
   547 | D        | Bought a +0 troll leather armour for 165 gold pieces
   547 | D        | Bought a +0 pair of gloves for 49 gold pieces
   604 | D        | Found a burning altar of Makhleb.
   604 | D        | Found a shimmering altar of Xom.
   604 | D        | Noticed a slime creature
   613 | D        | Slain by a slime creature

Vault maps used:
D:        dungeon_sprint_1

Skill      XL: |  1  2  3  4  5  6 |
---------------+-------------------+-----
Bows           | 8 12 14 15 16 | 16.5
Fighting       | 3 4 |  4.1
Armour         | 1 2 |  2.2
Dodging        | 2 |  2.5
Short Blades   | |  0.6
Polearms       | |  0.1
Stealth        | |  0.6

Action                   |  1- 3 |  4- 6 || total
-------------------------+-------+-------++-------
Melee: Short sword       |       |     5 ||     5
       Kick              |       |     1 ||     1
       Scythe            |       |     5 ||     5
 Fire: Shortbow          |    13 |    36 ||    49
  Use: Potion            |       |     1 ||     1
Armor: Leather armour    |     2 |       ||     2
Dodge: Dodged            |     2 |     4 ||     6

Table legend:
 A = Spawn XP
 B = Non-spawn XP
 C = Spawn XP percentage of total XP
 D = Spawn monster count
 E = Non-spawn monster count
 F = Spawn count percentage of total count
 G = Total turns spent on level
                    A         B        C        D         E        F      G
               +---------+---------+-------+---------+---------+-------+---------
         Total |       0 |     621 |   0.0 |       0 |       5 |   0.0 |   613
               +---------+---------+-------+---------+---------+-------+---------
             D |       0 |     621 |   0.0 |       0 |       5 |   0.0 |   613
               +---------+---------+-------+---------+---------+-------+---------
